Cogmind - Beta 12 @@@ ROGUE MODE // 2023.10.13 @ 14:21:24 Player: Figgis Result: Self-destructed Performance ------------- Evolutions (2) 1000 Regions Visited (5) 1000 Robots Destroyed (22) 110 Value Destroyed (623) 623 Prototype IDs (7) 140 Alien Tech Used (0) 0 Bonus (300) 300 TOTAL SCORE: 3173 Bonus ------- Aligned with FarCom 300 Cogmind --------- Core Integrity 515/550 Matter 290/300 Energy 151/220 System Corruption 0% Temperature Danger (430) Movement Walking (190) Ox1 Location -8/Materials Parts ------- > --- POWER (2) -------- Light Nuclear Core Light Nuclear Core > --- PROPULSION (4) --- Aluminum Leg Aluminum Leg Aluminum Leg Carbon-fiber Leg > --- UTILITY (3) ------ Large Storage Unit Cloak of Protection Hacking Suite > --- WEAPON (2) ------- Guided Plasma Cannon Enhanced Autogun > --- INVENTORY (15) --- Light Nuclear Core VSS Leg Heavy Armor Plating Heavy Armor Plating Reflective Plating Hacking Suite System Shield Supersonic Drone Bay (1/1) Heavy Particle Cannon Heavy Particle Cannon Flak Cannon Flak Cannon Peak State ------------ > --- POWER ------------ Light Nuclear Core Light Nuclear Core > --- PROPULSION ------- Aluminum Leg Aluminum Leg Aluminum Leg Carbon-fiber Leg > --- UTILITY ---------- Large Storage Unit Cloak of Protection Hacking Suite > --- WEAPON ----------- Guided Plasma Cannon Enhanced Autogun > --- INVENTORY -------- Light Nuclear Core Aluminum Leg VSS Leg Heavy Armor Plating Heavy Armor Plating Reflective Plating Hacking Suite System Shield Supersonic Drone Bay Heavy Particle Cannon Heavy Particle Cannon Flak Cannon Flak Cannon [Rating: 40] Favorites ----------- Power Light Ion Engine Engine Light Ion Engine Power Core Light Nuclear Core Propulsion Aluminum Leg Leg Aluminum Leg Utility Cloak of Protection Device Cloak of Protection Storage Large Storage Unit Hackware Hacking Suite Weapon Guided Plasma Cannon Energy Gun Medium Laser Energy Cannon Guided Plasma Cannon Ballistic Gun Light Assault Rifle Ballistic Cannon Improved Light Cannon Build | -11 -10 -10 -10 -9 -8 ------- Run | Jun Mat Min Exi Min Mat Slots Evolved 4 | . . . . . 4 Power 1 | . . . . . 1 Propulsion 2 | . . . . . 2 Utility 1 | . . . . . 1 Weapon . | . . . . . . Parts Attached 29 | 6 . . 4 . 19 Power 6 | 1 . . . . 5 Engine 2 | 1 . . . . 1 Core 4 | . . . . . 4 Reactor . | . . . . . . Propulsion 8 | 2 . . . . 6 Treads . | . . . . . . Leg 8 | 2 . . . . 6 Wheel . | . . . . . . Hover . | . . . . . . Flight . | . . . . . . Utility 7 | 1 . . 3 . 3 Device 4 | . . . 2 . 2 Storage 2 | 1 . . 1 . . Processor . | . . . . . . Hackware 1 | . . . . . 1 Protection . | . . . . . . Artifact . | . . . . . . Weapon 8 | 2 . . 1 . 5 Energy Gun 1 | 1 . . . . . Energy Cannon 2 | . . . 1 . 1 Ballistic Gun 4 | 1 . . . . 3 Ballistic Cannon 1 | . . . . . 1 Launcher . | . . . . . . Special Weapon . | . . . . . . Impact Weapon . | . . . . . . Slashing Weapon . | . . . . . . Piercing Weapon . | . . . . . . Special Melee Weapon . | . . . . . . Unidentified Prototypes 5 | . . . 3 . 2 Parts Lost 1 | . . . . . 1 Power 1 | . . . . . 1 Propulsion . | . . . . . . Utility . | . . . . . . Weapon . | . . . . . . Highest Loss Streak 1 | . . . . . 1 To Critical Strikes . | . . . . . . Average Slot Usage (%) 96 | . 85 85 95 100 98 Engine 9 | . 14 14 14 14 6 Core 7 | . . . . . 11 Leg 32 | . 28 28 28 28 35 Device 8 | . . . 9 14 8 Storage 10 | . 14 14 14 14 9 Hackware 5 | . . . . . 8 Energy Gun 2 | . 14 14 4 . . Energy Cannon 7 | . . . 9 14 7 Ballistic Gun 9 | . 14 14 14 14 6 Ballistic Cannon 2 | . . . . . 4 Naked Turns . | . . . . . . Heaviest Build 52 | 11 11 11 42 42 52 Greatest Support 40 | 20 20 20 20 20 40 Greatest Overweight (x) 2 | 1 . . 2 2 1 Average Overweight (x) . | . . . . 2 . Largest Inventory Capacity 15 | 8 8 8 15 15 15 Average Capacity 13 | 7 8 8 10 15 15 Most Carried 15 | 6 4 4 10 11 15 Average Carried 10 | 2 2 4 6 9 13 Final Capacity 15 | 8 8 8 15 15 15 Final Carried 14 | 2 4 4 9 11 14 Class Distribution -------------------- 60% | Mutant 39% | Scavenger-Mutant Dominant Class ---------------- Mutant | -10/Materials Mutant | -10/Mines Mutant | -10/Exiles Mutant | -9/Mines Scavenger-Mutant | -8/Materials Resources | -11 -10 -10 -10 -9 -8 ----------- Run | Jun Mat Min Exi Min Mat Matter Collected 535 | 230 40 . . 14 251 Remotely . | . . . . . . Salvage Created 807 | . 144 . . . 663 Parts 41 | . 8 . . . 33 Haulers Intercepted 1 | . . . . . 1 Recyclers Shooed . | . . . . . . Parts Field Recycled . | . . . . . . Retrieved Matter . | . . . . . . Parts Self-Destructed . | . . . . . . Prevented . | . . . . . . Kills | -11 -10 -10 -10 -9 -8 ------- Run | Jun Mat Min Exi Min Mat Combat Hostiles Destroyed 13 | . 2 . . . 11 Guns 4 | . 2 . . . 2 Cannons 9 | . . . . . 9 Classes Destroyed 7 | . 2 . . . 5 Hauler 1 | . . . . . 1 Recycler 1 | . . . . . 1 Operator 2 | . . . . . 2 Watcher 5 | . 1 . . . 4 Swarmer 4 | . . . . . 4 Grunt 7 | . 2 . . . 5 Sentry 2 | . . . . . 2 Best Kill Streak 4 | . 2 . . . 4 Combat Bots Only 4 | . 2 . . . 4 Max Kills in Single Turn 1 | . 1 . . . 1 Gunslinging . | . . . . . . Exploded . | . . . . . . Melee . | . . . . . . Uniques/NPCs Destroyed . | . . . . . . Combat | -11 -10 -10 -10 -9 -8 -------- Run | Jun Mat Min Exi Min Mat Damage Taken 929 | . 193 . . . 736 Core 97 | . 62 . . . 35 Absorbed by Shields . | . . . . . . Regen/Repaired (Parts) 20 | . . . . . 20 Core Remaining (%) 87 | 100 . . . 75 . Volleys Fired 63 | . 10 . . . 53 Largest 2 | . 2 . . . 2 Hottest 120 | . 70 . . . 120 Shots Fired 78 | . 20 . . . 58 Gun 30 | . 20 . . . 10 Cannon 48 | . . . . . 48 Launcher . | . . . . . . Special . | . . . . . . Kinetic 25 | . 10 . . . 15 Thermal 53 | . 10 . . . 43 Explosive . | . . . . . . Electromagnetic . | . . . . . . Robot Hit Streak 33 | . 11 . . . 33 Robot Miss Streak 3 | . 1 . . . 3 Penetration Max . | . . . . . . Secondary Targets . | . . . . . . Shots Hit Robots 68 | . 15 . . . 53 Core Hits 27 | . 8 . . . 19 Critical Kills 1 | . . . . . 1 Critical Parts Destroyed . | . . . . . . Critical Strikes 1 | . . . . . 1 Destroy 1 | . . . . . 1 Melee Attacks . | . . . . . . Impact . | . . . . . . Slashing . | . . . . . . Piercing . | . . . . . . Sneak Attacks . | . . . . . . Combat Hostiles . | . . . . . . Follow-up Attacks . | . . . . . . Damage Inflicted 1893 | . 163 . . . 1730 Guns 292 | . 163 . . . 129 Cannons 1601 | . . . . . 1601 Explosions . | . . . . . . Melee . | . . . . . . Ramming . | . . . . . . Kinetic 221 | . 50 . . . 171 Thermal 1672 | . 113 . . . 1559 Explosive . | . . . . . . Electromagnetic . | . . . . . . Impact . | . . . . . . Slashing . | . . . . . . Piercing . | . . . . . . Highest Corruption . | . . . . . . Average Corruption . | . . . . . . Corruption Purged . | . . . . . . Corruption Blocked . | . . . . . . Overload Shots . | . . . . . . Overflow Damage 91 | . . . . . 91 Projectiles 91 | . . . . . 91 Explosions . | . . . . . . Melee . | . . . . . . Knockbacks 1 | . . . . . 1 Impact . | . . . . . . Kinetic 1 | . . . . . 1 Secondary . | . . . . . . Self-Inflicted Damage . | . . . . . . Shots . | . . . . . . Rammed . | . . . . . . Targets Rammed . | . . . . . . Kicked . | . . . . . . Crushed . | . . . . . . Highest Temperature 451 | . 210 . . . 451 Average Temperature 146 | . 92 . . . 154 Received Heat Transfer 486 | . 108 . . . 378 Effects 11 | . . . . . 11 Shutdowns 4 | . . . . . 4 Energy Bleed 1 | . . . . . 1 Interference 3 | . . . . . 3 Short Circuit 1 | . . . . . 1 Damage (minor) 1 | . . . . . 1 Damage (major) 1 | . . . . . 1 Siege Activations . | . . . . . . Robots Corrupted . | . . . . . . Combat Hostiles . | . . . . . . Parts Fried . | . . . . . . Impact Corruptions . | . . . . . . Robots Melted 1 | . . . . . 1 Combat Hostiles . | . . . . . . Parts Melted 9 | . . . . . 9 Heat Transferred 3773 | . 333 . . . 3440 Parts Sabotaged . | . . . . . . Parts Stolen . | . . . . . . Parts Stripped . | . . . . . . Power Chain Reactions . | . . . . . . Missiles Intercepted . | . . . . . . Alert | -11 -10 -10 -10 -9 -8 ------- Run | Jun Mat Min Exi Min Mat Peak Influence 134 | . 97 37 . . 134 Initial 37 | . . 37 . . . Average 35 | . 41 37 . . 41 Maximum Alert Level . | . . . . . . Low Security (%) 100 | 100 100 100 . 100 100 Level 1 . | . . . . . . Level 2 . | . . . . . . Level 3 . | . . . . . . Level 4 . | . . . . . . Level 5 . | . . . . . . High Security . | . . . . . . Max Security . | . . . . . . Squads Dispatched 2 | . . . . . 2 Investigation 1 | . . . . . 1 Extermination . | . . . . . . Reinforcement 1 | . . . . . 1 Assault . | . . . . . . Garrison . | . . . . . . Intercept . | . . . . . . Searches Triggered . | . . . . . . Construction Impeded . | . . . . . . Haulers Reinforced . | . . . . . . Active Scanning Responses . | . . . . . . Cargo Convoy Interrupts . | . . . . . . Stealth | -11 -10 -10 -10 -9 -8 --------- Run | Jun Mat Min Exi Min Mat Distress Signals 3 | . 2 . . . 1 Communications Jammed . | . . . . . . Distress Signals . | . . . . . . Times Spotted 30 | . 7 . . . 23 Peak Tracking Total 6 | . 6 . . . 5 Tactical Retreats 2 | . . . . . 2 Traps | -11 -10 -10 -10 -9 -8 ------- Run | Jun Mat Min Exi Min Mat Traps Triggered 1 | . . . . . 1 Indirectly . | . . . . . . Trap Hack Attempts . | . . . . . . Triggered . | . . . . . . Disarmed . | . . . . . . Reprogrammed . | . . . . . . Reused . | . . . . . . Traps Extracted . | . . . . . . Installed . | . . . . . . Triggered . | . . . . . . Machines | -11 -10 -10 -10 -9 -8 ---------- Run | Jun Mat Min Exi Min Mat Machines Disabled . | . . . . . . Max in Single Turn . | . . . . . . Machines Repaired . | . . . . . . Machines Sabotaged . | . . . . . . Overloaded Fab Kills . | . . . . . . Hacking | -11 -10 -10 -10 -9 -8 --------- Run | Jun Mat Min Exi Min Mat Machines Accessed 8 | . 1 . . . 7 Terminals 6 | . 1 . . . 5 Fabricators . | . . . . . . Repair Stations 1 | . . . . . 1 Recycling Units 1 | . . . . . 1 Scanalyzers . | . . . . . . Garrison Access . | . . . . . . Total Hacks 19 | . 3 . . . 16 Successful 7 | . . . . . 7 Failed 12 | . 3 . . . 9 Catastrophic 3 | . 1 . . . 2 Database Lockouts . | . . . . . . Manual 12 | . 3 . 1 . 8 Terminals 16 | . 3 . . . 13 Fabricators . | . . . . . . Repair Stations 2 | . . . . . 2 Recycling Units 1 | . . . . . 1 Scanalyzers . | . . . . . . Garrison Access . | . . . . . . Terminal Hacks 4 | . . . . . 4 Robot Analysis 1 | . . . . . 1 Prototype ID Bank 1 | . . . . . 1 Branch Access Points 1 | . . . . . 1 Unreport Threat 1 | . . . . . 1 Fabricator Hacks . | . . . . . . Repair Station Hacks 2 | . . . . . 2 Scan Component 1 | . . . . . 1 Repair 1 | . . . . . 1 Recycling Unit Hacks 1 | . . . . . 1 Report Inventory 1 | . . . . . 1 Scanalyzer . | . . . . . . Garrison Access Hacks . | . . . . . . Unauthorized Hacks . | . . . . . . Terminals . | . . . . . . Fabricators . | . . . . . . Repair Stations . | . . . . . . Recycling Units . | . . . . . . Scanalyzers . | . . . . . . Garrison Access . | . . . . . . Data Cores Recovered 1 | . . . . . 1 Used . | . . . . . . Hacking Detections 7 | . 1 . . . 6 Full Trace Events . | . . . . . . Feedback Events . | . . . . . . Feedback Blocked . | . . . . . . Robot Schematics Acquired . | . . . . . . Robots Built . | . . . . . . Authchips . | . . . . . . Time . | . . . . . . Total Robot Build Rating . | . . . . . . Part Schematics Acquired . | . . . . . . Parts Built . | . . . . . . Authchips . | . . . . . . Time . | . . . . . . Total Part Build Rating . | . . . . . . Parts Repaired 1 | . . . . . 1 Time 19 | . . . . . 19 Parts Recycled . | . . . . . . Recycled Matter . | . . . . . . Retrieved Matter . | . . . . . . Retrieved Components . | . . . . . . Parts Scanalyzed . | . . . . . . Part Schematics Acquired . | . . . . . . Parts Damaged . | . . . . . . Bothacking | -11 -10 -10 -10 -9 -8 ------------ Run | Jun Mat Min Exi Min Mat Used RIF Installer . | . . . . . . Robots Hacked . | . . . . . . Non-combat . | . . . . . . Combat . | . . . . . . Robot Hacks Applied . | . . . . . . Relay Couplers Released . | . . . . . . Fabnet Peak Effective % . | . . . . . . Robots Rewired . | . . . . . . Allies Hacked . | . . . . . . Hacks Repelled . | . . . . . . Allies | -11 -10 -10 -10 -9 -8 -------- Run | Jun Mat Min Exi Min Mat Total Allies . | . . . . . . Largest Group . | . . . . . . Highest-Rated Group . | . . . . . . Highest-Rated Ally . | . . . . . . Total Orders . | . . . . . . Ally Attacks . | . . . . . . Total Damage . | . . . . . . Kills . | . . . . . . Allies Corrupted . | . . . . . . Allies Melted . | . . . . . . Intel | -11 -10 -10 -10 -9 -8 ------- Run | Jun Mat Min Exi Min Mat Robot Analysis Total 1 | . . . . . 1 Derelict Logs Recovered 1 | . . 1 . . . Drone Launches . | . . . . . . Drone Recoveries . | . . . . . . Exploration | -11 -10 -10 -10 -9 -8 ------------- Run | Jun Mat Min Exi Min Mat Turns Passed 2356 | 54 159 95 439 210 1399 Spaces Moved 1109 | 43 94 80 250 81 561 Core 18 | 18 . . . . . Treads . | . . . . . . Legs 1091 | 25 94 80 250 81 561 Wheels . | . . . . . . Hover . | . . . . . . Flight . | . . . . . . Fastest Speed 50 | 50 120 120 120 260 120 Average Speed 176 | 93 120 120 171 260 189 Slowest Speed 260 | 120 120 120 260 260 190 Overloaded Moves . | . . . . . . Propulsion Burnouts . | . . . . . . Robots Hopped . | . . . . . . Cave-ins Triggered . | . . . . . . Exploration Rate (%) 34 | 4 21 38 61 29 54 Regions Visited 5 Branch Regions 3 Pre-discovered Areas . | . . . . . . Known Exits Taken . | . . . . . . Unknown Exits Taken 5 | 1 1 1 1 1 . Scrap Searched 2 | . . 1 . 1 . Spaces Dug . | . . . . . . Terrain Destroyed 1 | . . . . . 1 Melee . | . . . . . . Projectile 1 | . . . . . 1 AOE . | . . . . . . Terrain Rammed . | . . . . . . Walls Destroyed . | . . . . . . Machines Disabled . | . . . . . . Actions | -11 -10 -10 -10 -9 -8 --------- Run | Jun Mat Min Exi Min Mat Total 1441 | 57 122 79 260 82 841 Wait 190 | . 17 . . . 173 Move 1104 | 42 93 79 249 80 561 Hop . | . . . . . . Pick Up 36 | 8 2 . 6 2 18 Fast Attach 5 | 1 . . . . 4 Attach 11 | 5 . . 1 . 5 Detach . | . . . . . . Swap 13 | . . . 3 . 10 Drop 19 | 1 . . 1 . 17 Fire 63 | . 10 . . . 53 Melee . | . . . . . . Ram . | . . . . . . Kick . | . . . . . . Crush . | . . . . . . Escape Stasis . | . . . . . . Rewire . | . . . . . . Trap . | . . . . . . Miscellaneous . | . . . . . . Route ------- -11/Junkyard -10/Materials -10/Mines -10/Exiles -9/Mines -8/Materials (discovered 3 exits: *Fac x3) History --------- Turn | Location | Event 30 | -11/Junkyard | Discovered new exit (range 14) 55 | -11/Junkyard | Entered Materials 93 | -10/Materials | Discovered new exit (range 13) 162 | -10/Materials | Met 8R-AWN 214 | -10/Materials | Entered Mines 216 | -10/Mines | Followed 8R-AWN into the Mines 267 | -10/Mines | Found a hidden stash of uninstalled traps 273 | -10/Mines | Learned location of 1 exit from Materials 303 | -10/Mines | Build established: Mutant 304 | -10/Mines | Discovered new exit (range 5) 309 | -10/Mines | Entered Exiles 341 | -10/Exiles | Welcomed by 8R-AWN 360 | -10/Exiles | Met EX-HEX 395 | -10/Exiles | Met EX-BIN 409 | -10/Exiles | Aligned with FarCom system 410 | -10/Exiles | Given EX-Vault access code 440 | -10/Exiles | Opened EX-Vault 445 | -10/Exiles | Found Prototype Device 446 | -10/Exiles | Identified Supersonic Drone Bay 451 | -10/Exiles | Found Prototype Device 452 | -10/Exiles | Identified Cloak of Protection 454 | -10/Exiles | Found Prototype Energy Cannon 455 | -10/Exiles | Identified Gui. Plasma Cannon 495 | -10/Exiles | Warned to stay clear of 0b10 Research branches 546 | -10/Exiles | Met EX-DEC 719 | -10/Exiles | Discovered new exit (range 10) 748 | -10/Exiles | Stole three prototypes: Cloak of Protection, Gui. Plasma Cannon, Supersonic Drone Bay 748 | -10/Exiles | Entered Mines 917 | -9/Mines | Discovered new exit (range 7) 958 | -9/Mines | Entered Materials 958 | -8/Materials | Evolved 4 slots: Power x1, Propulsion x2, Utility x1 959 | -8/Materials | Identified exit to Factory 1500 | -8/Materials | Discovered exit to Factory (range 16) 1712 | -8/Materials | Build established: Scavenger-Mutant 1764 | -8/Materials | Repaired Lgt. Nuclear Core 1888 | -8/Materials | Discovered exit to Factory (range 11) 2357 | -8/Materials | Self-destructed Last Messages --------------- 02322_ O-16 Technician uses terminal to summon reinforcements. 02322_ ALERT: Hostiles spotted, dispatching reinforcements to Terminal M007. 02322_ O-16 Technician locks terminal. 02323_ R-06 Scavenger destroyed. 02329_ Destroyed Aluminum Leg. 02330_ Power failure, Lgt. Nuclear Core shutdown. 02331_ G-47 Trooper heat damages Particle Gun. 02331_ G-47 Trooper overheating. 02333_ Aluminum Leg broken. 02333_ Overheating: Short circuit. 02333_ G-47 Trooper overheating. 02337_ G-47 Trooper heat short circuits Lgt. Nuclear Core. 02337_ G-47 Trooper overheating. 02341_ G-47 Trooper heat short circuits Particle Gun. 02344_ Dropped Broken Aluminum Leg. 02357_ Power failure, Lgt. Nuclear Core shutdown. 02357_ Overheating: System interference. 02357_ Cloak of Protection temporarily disabled. 02357_ Gui. Plasma Cannon temporarily disabled. Map ----- +----------------------------------------------------+ | ?????????????????????????????????????????????????? | | ?????????????????????????????????????????????????? | | ?????????????????????????????????????????????????? | | ?????????????????????????????????????????????????? | | ?????????????????????????????????????????????????? | | ?????????????????????????????????????????????????? | | ?????????????????????????????????????????????????? | | ?????????????????????????????????????????????????? | | ?????????????????????????????????????????????????? | | ?????????????????????????????????????????????????? | | ?????????????????????????????????????????????????? | | ?????????????????????????????????????????????????? | | ?????????????????????????????????????????????????? | | ?????????????????????????????????????????????????? | | ?????????????????????????????????????????????????? | | ????????????????????????????######???????????????? | | ???????????????????????????##!!!!##??############# | | ???????????????????????????#! !#??# # | | ???????????????????????????# #??# / # | | ??????????????????????######## ####] # | | ????????s?????????????# # +[ # "" | | ??????????s???????????# ] # ##### # "" | | ?????????s????????????# # #???# # "" | | ????????Y?????????????# * + #???# ] [# "" | | ??????????????????????# % # #???# # "" | | ??????????????###+#???# @ # #???# # | | ??????????????# ??##g##### #######+######+## | | ??????????????# #### #???# | | ??????????????# #???# | | ??????????????# #???# | | ??????????????# "" g#???# #######/######### | | ??????????????## "T #???# #???# !##???? | | ???????????????# "" g #???# #???# ] !%#???? | | ?????????????T + #???# #???#[ [##???? | | ???????????? # !#???# #???# [ ! #????? | | ???????????? ?# =%#???# #???# #????? | | ???????????????# ["???# #???# #????? | | ???????????????# """ G??# ############??### | | ???????????????# """"" """?# # #??????# | | ???????????????# """"" ###?# # #??????# | | ???????????????# ?"""" ##### + #??????# | | ??????????????? ?""" # #??????# | | ??????????????# # #??????# | | ??????????????+ # #??????# " | | ??????????????? ####+################??????# " | | ?????????????????????? ???????????????????????# " | | ????????????????????# ?????????????????????????### | | ???????????????????? ????????????????????????????? | | ?????????????????????????????????????????????????? | | ?????????????????????????????????????????????????? | +----------------------------------------------------+ Best States ------------- Heat Dissipation 31 Coolant Potential 50 Energy Generation 23 Energy Capacity 220 Matter Stores 300 Matter Capacity 300 Sight Range 16 Terrain Scan Density 10 Cloak Strength 5 Evasion (%) 55 Offensive Hacking 10 Item Schematics ----------------- None Robot Schematics ------------------ None Fabricated ------------ Nothing Alien Tech Used ----------------- None Achievements -------------- None Challenges ------------ None Game ------ Seed TransportSensorLauncher Manual? 0 Play Time 00:14:13 Cumulative 50.7 hours Start 2023.10.13 @ 14:05:56 End 2023.10.13 @ 14:21:24 Sessions 1 Manual Loads 0 Difficulty Rogue Special Mode None Game No. 92 Rogue 89 Adventurer 3 Explorer 0 Win Type - Total 0 Types 0/0/0/0/0/0/0/0/0 Lore% 28 Gallery% 45 Achievement% 33 Wizard Run 0 Options --------- ASCII 0 Keyboard 0 Movement Mouse Keybinds 0 Fullscreen 2 Font 18/SmallcapsGlow Map View 76x50 Tactical HUD 1 Map Filters NONE Filters NONE Steam 1 RUN: f4d90516-bc2b-47c5-9f73-760b8fbbb76f